 Dungeon Crawl Stone Soup version 0.20.0-8-g6b59dc7 (console) character file.

457 removed the Gusty (level 7, -6/36 HPs)
             Began as a Kobold Air Elementalist on June 1, 2017.
             Mangled by an ice beast (12 damage)
             ... on level 5 of the Dungeon.
             The game lasted 00:09:27 (5901 turns).

removed the Gusty (Kobold Air Elementalist)         Turns: 5901, Time: 00:09:27

Health: -6/36      AC:  3    Str:  6    XL:     7   Next: 27%
Magic:  4/12       EV: 15    Int: 18    God:
Gold:   224        SH:  0    Dex: 15    Spells: 9/13 levels left

rFire    + . .     SeeInvis .   u - +0 short sword
rCold    . . .     Gourm    .   (shield restricted)
rNeg     . . .     Faith    .   a - +0 robe
rPois    .         Spirit   .   J - +1 hat
rElec    .         Reflect  .   (no cloak)
rCorr    .         Harm     .   (no gloves)
MR       .....                  (no boots)
Stlth    +++.......             (no amulet)
Regen    0.2/turn               H - ring of stealth
MPRegen  0.2/turn               o - ring of protection from fire

@: lethally poisoned (-6 -> -8)
A: carnivore 3
a: no special abilities


You were on level 5 of the Dungeon.
You were completely stuffed.

You visited 1 branch of the dungeon, and saw 5 of its levels.

You collected 224 gold pieces.

Inventory:

Hand Weapons
 h - a +0 club
 n - a +0 dagger
 u - a +0 short sword (weapon)
 K - a +1 hand axe of distortion
Armour
 a - a +0 robe (worn)
 J - a +1 hat (worn)
Jewellery
 j - a +3 ring of dexterity
 o - a ring of protection from fire (right hand)
 H - a ring of stealth (left hand)
Scrolls
 d - 4 scrolls of amnesia {unknown}
 e - a scroll of enchant weapon {unknown}
 k - 3 scrolls of teleportation {unknown}
 l - a scroll of fog {unknown}
 p - a scroll of immolation {unknown}
 v - 3 scrolls of identify {unknown}
 w - 2 scrolls of remove curse {unknown}
 y - 2 scrolls of fear {unknown}
 F - a scroll of blinking {unknown}
Potions
 f - 2 potions of invisibility {unknown}
 m - a potion of cancellation {unknown}
 r - 2 potions of ambrosia {unknown}
 x - 3 potions of lignification {unknown}
 A - a potion of mutation {unknown}
 B - 2 potions of might {unknown}
 D - a potion of curing {unknown}
 G - a potion of flight {unknown}
 I - 2 potions of brilliance {unknown}
 L - a potion of agility {unknown}
 N - a potion of heal wounds {unknown}
Books
 b - a book of Air

   Spells                             Type                      Level
   a - Shock                          Conjuration/Air              1
   b - Swiftness                      Charms/Air                   2
   c - Static Discharge               Conjuration/Air              3
   d - Airstrike                      Air                          4
   e - Lightning Bolt                 Conjuration/Air              5
Comestibles
 c - 2 meat rations
 t - 4 royal jellies


   Skills:
 - Level 2.4 Dodging
 - Level 2.6 Stealth
 + Level 3.5 Spellcasting
 - Level 5.0 Conjurations
 - Level 5.1 Air Magic


You had 9 spell levels left.
You knew the following spells:

 Your Spells              Type           Power        Failure   Level  Hunger
a - Shock                 Conj/Air       ###.         1%          1    None
b - Static Discharge      Conj/Air       ###.....     6%          3    ###....


Dungeon Overview and Level Annotations

Branches:
Dungeon (5/15)
 Temple: D:4-7

Altars:
Ashenzari
Cheibriados
Elyvilon
Qazlal
Ru
Sif Muna
Xom

Annotations:
D:2 exclusion: worm
D:3 exclusion: bullfrog
D:4 Cactus's ghost, novice DEFE
D:5 exclusion: ogre


Innate Abilities, Weirdness & Mutations

You are small and have problems with some larger weapons.
You are carnivorous and can eat meat at any time.


Message History

Aiming: Shock
Press: ? - help, Shift-Dir - straight line The zap misses the ice beast.
You feel sick. The ice beast hits you. The ice beast freezes you!
* * * LOW HITPOINT WARNING * * *
Casting: Shock
Confirm with . or Enter, or press ? or * to list all spells.
Aiming: Shock
Press: ? - help, Shift-Dir - straight line The zap hits the ice beast.
The ice beast is severely wounded.
The ice beast closely misses you.
Casting: Shock
Confirm with . or Enter, or press ? or * to list all spells.
Aiming: Shock
Press: ? - help, Shift-Dir - straight line The zap misses the ice beast.
The ice beast hits you.
* * * LOW HITPOINT WARNING * * *
The ice beast freezes you!
You die...

##.#.##.≈≈.##.#.###
#.##.##.≈≈.##.#.#..
#.###.#.≈≈.#8.#.#.# ....
#.###.#.≈≈.#[.#.#.# Z...
.##.#.##.≈≈.##.#.#.#
####... .
##.###.≈≈.##.#.#.# .......
)##.## #.≈≈.##.#.#..
.....!.#.#.##
#.≈≈.#8.#....
........###@##
#.≈≈.#.)#.###
......Y..###Y# #.≈≈.##.#.#
.........# #.# #.≈≈.##.#÷#
$........###.###.≈≈.##.#.#
.........##.#.##.≈≈.#8.#.#
####..#.##.###.#.≈≈.#(.#.#
#.....a####.#.≈≈.##'#.###
#..#.#####.##.≈≈.'..#.##.
#.....#(#.###.≈≈.#..#.##.


You could see an ice beast.

Vanquished Creatures
  A scorpion (D:3)
  A howler monkey (D:4)
  2 orc priests (D:3)
  An orc wizard (D:5)
  An iguana (D:4)
  3 worker ants (D:5)
  A gnoll (D:1)
  5 adders
  An ooze (D:3)
  2 worms
  3 dart slugs
  4 leopard geckos
  11 orcs
  9 bats
  2 giant cockroaches
  8 goblins
  10 hobgoblins
  6 jackals
  3 quokkas
  4 ball pythons
  8 frilled lizards
  12 kobolds
  11 rats
109 creatures vanquished.

Notes
Turn   | Place    | Note
-------+----------+-------------------------------------------
     0 | D:1      | removed the Kobold Air Elementalist began the quest for the Orb.
     0 | D:1      | Reached XP level 1. HP: 10/10 MP: 3/3
   424 | D:1      | Reached XP level 2. HP: 15/15 MP: 3/5
  1012 | D:1      | Reached XP level 3. HP: 19/19 MP: 3/6
  1757 | D:2      | Reached XP level 4. HP: 24/24 MP: 4/7
  2315 | D:2      | Found a deep blue altar of Sif Muna.
  2402 | D:2      | Found a shimmering altar of Xom.
  2785 | D:3      | Reached XP level 5. HP: 25/28 MP: 0/8
  3510 | D:3      | Noticed a bullfrog
  3598 | D:3      | Reached XP level 6. HP: 32/32 MP: 0/9
  3690 | D:3      | Learned a level 3 spell: Static Discharge
  4487 | D:4      | Noticed Cactus's ghost (novice DEFE)
  4875 | D:4      | Reached skill level 5 in Air Magic
  5002 | D:4      | Found a white marble altar of Elyvilon.
  5027 | D:4      | Found a shattered altar of Ashenzari.
  5028 | D:4      | Found a stormy altar of Qazlal.
  5032 | D:4      | Found a sacrificial altar of Ru.
  5348 | D:5      | Entered Level 5 of the Dungeon
  5424 | D:5      | Reached skill level 5 in Conjurations
  5427 | D:5      | Reached XP level 7. HP: 17/36 MP: 1/10
  5525 | D:5      | Found a snail-covered altar of Cheibriados.
  5901 | D:5      | Mangled by an ice beast

Skill      XL: |  1  2  3  4  5  6  7 |
---------------+----------------------+-----
Conjurations   | 2 3 4 5 |  5.0
Air Magic      | 4 5 |  5.1
Spellcasting   | 3 |  3.5
Dodging        | |  2.4
Stealth        | |  2.6

Action                   |  1- 3 |  4- 6 |  7- 9 || total
-------------------------+-------+-------+-------++-------
Melee: Unarmed           |     5 |       |       ||     5
       Short sword       |       |    11 |       ||    11
 Cast: Shock             |    75 |   147 |    40 ||   262
  Eat: Chunk             |    12 |    12 |     2 ||    26
Armor: Robe              |    11 |     6 |       ||    17
Dodge: Dodged            |    49 |    49 |    13 ||   111
